 Dungeon Sprint DCSS version 0.29.1-2-gbd0b4ee654 (webtiles) character file.

Game seed: 631075183603133352

480 Groucho the Covert (level 6, 0/33 HPs)
             Began as a Spriggan Enchanter on Nov 16, 2022.
             Slain by a boulder beetle (33 damage)
             ... in the Dungeon (Sprint II: "The Violet Keep of Menkaure").
             The game lasted 00:01:17 (86 turns).

Groucho the Covert (Spriggan Enchanter)               Turns: 86, Time: 00:01:17

Health: 0/33       AC:  2    Str:  6    XL:     6   Next: 86%
Magic:  9/16       EV: 20    Int: 17    God:
Gold:   243        SH:  0    Dex: 15    Spells: 7/18 levels left

rFire   . . .      SeeInvis +   a - +1 dagger
rCold   . . .      Faith    .   (no shield)
rNeg    . . .      Spirit   .   b - +0 robe
rPois   .          Reflect  .   (helmet restricted)
rElec   .          Harm     .   (no cloak)
rCorr   .          Rampage  .   (gloves unavailable)
Will    +....      NoTele   +   (boots unavailable)
Stlth   +++++.....              (no amulet)
HPRegen 0.11/turn               (no ring)
MPRegen 0.15/turn               (no ring)

@: very quick
A: very small, no large weapons, unfitting armour, see invisible, speed 3
a: no special abilities


You were in the Dungeon.
You visited 1 branch You collected 243 gold pieces.

Inventory:

Hand Weapons
 a - a +1 dagger (weapon)
Armour
 b - a +0 robe (worn)
Scrolls
 i - a scroll of blinking
Potions
 c - a potion of invisibility
 d - a potion of curing
 e - a potion of heal wounds
 g - 2 potions of magic
 h - a potion of berserk rage


   Skills:
 + Level 4.1 Fighting
 + Level 5.7 Short Blades
 + Level 7.2 Dodging
 * Level 12.2 Stealth
 + Level 6.7 Spellcasting
 * Level 9.7 Hexes


You had 7 spell levels left.
You knew the following spells:

 Your Spells              Type           Power      Damage    Failure   Level
a - Ensorcelled Hibernat  Hex/Ice        44%        N/A       2%          2
b - Confusing Touch       Hex            38%        N/A       1%          3
c - Dazzling Flash        Conj/Hex       44%        N/A       4%          3
d - Tukima's Dance        Hex            38%        N/A       1%          3

Your spell library contained the following spells:

 Spells                   Type           Power      Damage    Failure   Level


Dungeon Overview and Level Annotations

Branches:
Dungeon (1/1)

Altars:


Innate Abilities, Weirdness & Mutations

You are very small and have problems with some larger weapons.
You are too small for most types of armour.
You have supernaturally acute eyesight. (SInv)
You cover ground extremely quickly. (Speed+++)


Message History

You start memorising the spell.
You continue memorising. x3
You finish memorising.
Spell assigned to 'b'.
This spell is dangerous to cast!
Memorise Dazzling Flash, consuming 3 spell levels and leaving 10?
You start memorising the spell.
You continue memorising. x3
You finish memorising.
Spell assigned to 'c'.
Memorise Tukima's Dance, consuming 3 spell levels and leaving 7?
You start memorising the spell.
You continue memorising. x3
Your extra speed is starting to run out.
You finish memorising.
Spell assigned to 'd'.
There is an open door here.
There is a staircase leading out of the dungeon here.
There is an open door here.
There is a staircase leading out of the dungeon here.
You start resting.
You feel yourself slow down.
You open the door.
There is an open door here.
You start resting.
A boulder beetle is nearby!
Cast which spell? (? or * to list)
Aiming: Ensorcelled Hibernation (safe; 2% risk of failure)
Press: ? - help, Shift-Dir - straight line, f - boulder beetle
Aim: a boulder beetle (chance to affect: 37%)
The boulder beetle looks drowsy...
The helpless boulder beetle fails to defend itself.
You skewer the boulder beetle like a kebab!!!
The boulder beetle is severely wounded.
The boulder beetle misses you.
The boulder beetle curls into a ball and begins rolling!
There is an open door here.
Casting: Ensorcelled Hibernation (safe; 2% risk of failure)
Confirm with . or Enter, or press ? or * to list all spells.
Your hands begin to glow red.
You hit the boulder beetle but do no damage.
The boulder beetle appears confused.
The boulder beetle is severely wounded.
The boulder beetle hits you!!
Ouch! That really hurt!
You die...

#+ ###$###
#..#†.# ##
#.#.# #
##†###'## .##
#.†.##.##..$#
+$##'.<°'#
###.##B##.B.#
#.###@## .##
####...# #
#..#..#
##.#.## ##+##


You could see a boulder beetle (rolling, confused).

Vanquished Creatures
  4 necrophages (D)
  4 scorpions (D)
  3 worms (D)
11 creatures vanquished.

Notes
Turn   | Place    | Note
-------+----------+-------------------------------------------
     0 | D        | Groucho the Spriggan Enchanter began the quest for the Orb.
     0 | D        | Reached XP level 1. HP: 9/9 MP: 5/5
     9 | D        | Reached skill level 5 in Stealth
    13 | D        | Reached XP level 2. HP: 14/14 MP: 7/7
    19 | D        | Noticed a scorpion
    19 | D        | Noticed a scorpion
    19 | D        | Noticed a scorpion
    19 | D        | Noticed a scorpion
    25 | D        | Killed a scorpion
    26 | D        | Reached skill level 1 in Fighting
    26 | D        | Reached skill level 7 in Stealth
    26 | D        | Reached XP level 3. HP: 18/18 MP: 7/9
    26 | D        | Reached XP level 4. HP: 23/23 MP: 8/11
    26 | D        | Killed a scorpion
    27 | D        | Reached skill level 5 in Dodging
    27 | D        | Reached skill level 8 in Stealth
    27 | D        | Killed a scorpion
    28 | D        | Reached skill level 9 in Stealth
    28 | D        | Reached skill level 5 in Spellcasting
    28 | D        | Reached XP level 5. HP: 28/28 MP: 8/13
    30 | D        | Reached skill level 10 in Stealth
    34 | D        | Noticed a boulder beetle
    34 | D        | Noticed a boulder beetle
    41 | D        | Reached skill level 5 in Short Blades
    41 | D        | Reached skill level 11 in Stealth
    41 | D        | Reached XP level 6. HP: 32/32 MP: 10/16
    48 | D        | Reached skill level 12 in Stealth
    53 | D        | Learned a level 2 spell: Ensorcelled Hibernation
    57 | D        | Learned a level 3 spell: Confusing Touch
    61 | D        | Learned a level 3 spell: Dazzling Flash
    65 | D        | Learned a level 3 spell: Tukima's Dance
    86 | D        | Slain by a boulder beetle

Illustrated notes

Levels and vault maps discovered:
D:        the_violet_keep_of_menkaure [sprint2_stairs_cluster_1,
          sprint2_shoproom, sprint2_temple, sprint2_basic_supplies,
          sprint2_obstacle_3, sprint2_obstacle_7, sprint2_obstacle_5,
          sprint2_obstacle_1, sprint2_obstacle_2, sprint2_timed_cluster_1,
          sprint2_smallroom_cluster_1, sprint2_smallroom_final_cluster_1,
          sprint2_transparent_cluster_1, sprint2_second_timed_cluster_1,
          sprint2_sniper_area_1, sprint2_heavy_combat_area_1,
          sprint2_mutation_trap_area_1, sprint2_forest_area_1,
          sprint2_light_combat_area_1, sprint2_behind_water_1,
          sprint2_near_end_vault_1]

Skill      XL: |  1  2  3  4  5  6 |
---------------+-------------------+-----
Dodging        | 3 4 5 6 7 |  7.2
Stealth        | 5 7 9 11 12 | 12.2
Spellcasting   | 3 4 5 6 |  6.7
Hexes          | 4 6 7 8 9 |  9.7
Fighting       | 1 2 3 4 |  4.1
Short Blades   | 3 4 5 |  5.7

Action                   |  1- 3 |  4- 6 || total
-------------------------+-------+-------++-------
Melee: Dagger            |     7 |    12 ||    19
 Cast: Confusing Touch   |       |     1 ||     1
       Ensorcelled Hiber |       |     1 ||     1
  Use: Potion            |     2 |       ||     2
 Stab: Sleeping          |     4 |     4 ||     8
       Invisible         |       |     5 ||     5
Dodge: Dodged            |     1 |     1 ||     2
